 Dungeon Crawl Stone Soup version 0.21.1-1-g345015f (webtiles) character file.

140419 poirepourri the Warrior (level 16, -9/160 HPs)
             Began as a Minotaur Fighter on July 11, 2018.
             Was a Follower of Makhleb.
             Killed by the air
             ... invoked by a wind drake
              (24 damage)
             ... on level 1 of the Shoals.
             The game lasted 00:48:52 (33055 turns).

poirepourri the Warrior (Minotaur Fighter)         Turns: 33055, Time: 00:48:53

Health: -9/160     AC: 12    Str: 25 (26) XL:     16   Next: 75%
Magic:  0/25       EV: 21    Int:  5      God:    Makhleb [*.....]
Gold:   1533       SH: 18    Dex: 19 (20) Spells: 15/15 levels left

rFire    + . .     SeeInvis +   a - +3 broad axe (pain)
rCold    + + +     Gourm    .   c - +5 shield
rNeg     + . .     Faith    .   v - +0 scale mail "Gauvih" {rC++ rN+ Str+4 SInv}
rPois    +         Spirit   +   (helmet restricted)
rElec    .         Reflect  .   C - scarf {Spirit}
rCorr    .         Harm     .   O - +2 pair of gloves
MR       +....                  (no boots)
Stlth    ..........             q - amulet of Viecupn {+Rage rPois rF+ Dex+4 SInv}
HPRegen  0.36/turn              H - ring of see invisible
MPRegen  0.19/turn              Y - ring of the Devil {rC+ EV+1}

@: flying, mesmerised
A: retaliatory headbutt, horns 2, deterioration 2
a: Renounce Religion, Evoke Berserk Rage


You were on level 1 of the Shoals.
You worshipped Makhleb.
Makhleb was aware of your devotion.
You were not hungry.

You visited 5 branches of the dungeon, and saw 25 of its levels.
You also visited: Trove and Ice Cave.

You collected 4062 gold pieces.
You spent 2529 gold pieces at shops.

Inventory:

Hand Weapons
 a - a +3 broad axe of pain (weapon)
 b - a +2 mace of crushing
 U - a +0 hand crossbow
Missiles
 g - 18 tomahawks (quivered)
 i - 174 bolts
 o - 4 javelins
Armour
 c - a +5 shield (worn)
 t - a +4 scale mail of fire resistance
 v - the +0 scale mail "Gauvih" (worn) {rC++ rN+ Str+4 SInv}
   (You found it on level 5 of the Lair of Beasts)

   It affects your strength (+4).
   It greatly protects you from cold.
   It protects you from negative energy.
   It lets you see invisible.
 z - a +1 shield of protection
 C - a scarf of spirit shield (worn)
 O - a +2 pair of gloves (worn)
 P - the +5 scale mail "Patewe" {Regen+}
   (You bought it in a shop on level 12 of the Dungeon)

   It increases your rate of regeneration.
 S - a +2 large shield of cold resistance
 Z - a +0 cloak of magic resistance
Jewellery
 d - an uncursed amulet of rage
 n - an uncursed amulet of the gourmand
 q - the amulet of Viecupn (around neck) {+Rage rPois rF+ Dex+4 SInv}
   (You found it in a treasure trove)

   [amulet of rage]

   It affects your dexterity (+4).
   It protects you from fire.
   It protects you from poison.
   It lets you see invisible.
   It lets you go berserk.
 r - an uncursed ring of resist corrosion
 H - a ring of see invisible (left hand)
 M - the amulet of Diuxed {Inacc rF+ Int+2, unknown}
   (You found it in a treasure trove)

   [amulet of inaccuracy]

   It reduces the accuracy of all your attacks.
   It affects your intelligence (+2).
   It protects you from fire.
 N - an uncursed ring of ice
 Y - the ring of the Devil (right hand) {rC+ EV+1}
   (You found it in a treasure trove)

   [ring of evasion]

   It affects your evasion (+1).
   It protects you from cold.
Wands
 e - a wand of paralysis (16)
 B - a wand of digging (42)
 G - a wand of iceblast (21)
 J - a wand of acid (7)
 K - a wand of flame (31)
 Q - a wand of random effects (14)
 T - a wand of polymorph (28)
 W - a wand of scattershot (7)
Scrolls
 m - 8 scrolls of teleportation
 x - 2 scrolls of holy word
 y - 15 scrolls of remove curse
 D - a scroll of magic mapping
 E - 2 scrolls of blinking
 F - a scroll of acquirement
Potions
 h - 5 potions of flight
 j - 3 potions of resistance
 l - 3 potions of curing
 p - 2 potions of ambrosia
 u - 6 potions of haste
 A - 5 potions of lignification
 I - a potion of berserk rage {unknown}
Books
 k - a book of Battle

   Spells                             Type                      Level
   a - Infusion                       Charms                       1
   b - Shroud of Golubria             Charms/Translocation         2
   c - Song of Slaying                Charms                       2
   d - Spectral Weapon                Hexes/Charms                 3
   e - Regeneration                   Charms/Necromancy            3
 s - a book of Power

   Spells                             Type                      Level
   a - Iskenderun's Battlesphere      Conjuration/Charms           5
   b - Venom Bolt                     Conjuration/Poison           5
   c - Bolt of Magma                  Conjuration/Fire/Earth       5
   d - Iron Shot                      Conjuration/Earth            6
   e - Orb of Destruction             Conjuration                  7
   f - Spellforged Servitor           Conjuration/Summoning        7
Comestibles
 f - 16 rations


   Skills:
 - Level 19.0 Fighting
 - Level 17.0 Axes
 - Level 10.6 Armour
 - Level 14.0 Dodging
 - Level 11.5 Shields
 + Level 14.1 Invocations


You had 15 spell levels left.
You didn't know any spells.

Dungeon Overview and Level Annotations

Branches:
Dungeon (15/15)            Temple (1/1) D:7            Lair (6/6) D:9
 Shoals (1/4) Lair:4        Snake (0/4) Lair:4        Slime (0/5) Lair:5
    Orc (2/2) D:12            Elf (0/3) Orc:2        Vaults (0/5) D:14
 Depths (0/5) D:15

Altars:
Ashenzari
Cheibriados
Dithmenos
Elyvilon
Fedhas
Gozag
Hepliaklqana
Kikubaaqudgha
Makhleb
Nemelex Xobeh
Okawaru
Qazlal
Ru
Sif Muna
Trog
Uskayaw
Vehumet
Wu Jian
Xom
Yredelemnul
Zin
The Shining One
Beogh
Jiyva

Shops:
D:8 (   D:11 *   D:12 [   D:13 [   Orc:2 [}??

Portals:
Pandemonium: Orc:2

Annotations:
D:9 exclusion: obsidian statue
Lair:6 1 runed door


Innate Abilities, Weirdness & Mutations

You reflexively headbutt those who attack you in melee.
You have a pair of horns on your head.
Your body often deteriorates upon taking damage.


Message History

The merfolk siren chants its luring song.
The merfolk aquamancer casts a spell at you.
The shard of ice hits you! You partially resist.
* * * LOW HITPOINT WARNING * * *
Your body deteriorates!
You feel weakened. You block the merfolk's attack.
You slice the water elemental like a ripe choko!!!
You destroy the water elemental!
Makhleb accepts your kill.
Unknown command.
Unknown command.
You feel better. The wind drake flaps its wings at you.
The air twists around and violently strikes you in flight!
* * * LOW HITPOINT WARNING * * *
You block the merfolk's attack.
The merfolk siren chants its luring song.
The wind drake flaps its wings at you.
The air twists around and violently strikes you in flight!
You die...

###..≈≈≈≈≈≈...≈.##.≈≈≈≈≈≈≈≈≈≈≈
#...≈≈≈.###..## #.≈≈.#..≈≈≈≈
...≈≈. #..##..≈≈≈≈ ≈≈.≈≈≈#
##......≈≈≈≈ ≈≈≈≈≈≈.##
#####...≈≈>.....
≈≈≈≈≈≈..####....≈≈≈≈≈..####
≈≈≈≈≈≈≈......≈≈≈≈≈≈≈≈..###.
≈≈≈≈≈≈≈≈≈(≈≈≈≈≈≈≈≈≈≈≈≈..##.
≈≈≈≈≈≈≈≈m≈@≈≈≈≈≈≈≈≈≈≈≈≈....
≈≈≈≈≈≈≈≈k≈≈≈≈≈≈≈≈≈≈≈≈≈†..≈≈
≈≈≈≈≈≈≈≈≈≈m≈≈≈≈≈≈≈≈≈≈≈≈≈≈≈≈
≈≈≈≈≈≈≈≈≈≈≈≈≈≈≈≈≈≈≈≈≈≈≈≈≈≈≈
≈≈≈≈≈m≈≈≈≈≈≈≈≈≈≈≈≈≈≈≈≈≈≈≈≈≈
≈≈≈≈≈≈≈≈≈≈≈≈≈≈≈≈≈≈≈≈≈≈≈≈≈≈≈
≈≈≈≈≈≈≈≈≈≈≈≈≈≈≈≈≈≈≈≈≈≈≈≈≈≈≈
≈≈≈≈≈≈≈≈≈≈≈≈≈≈≈≈≈≈≈≈≈≈≈≈≈≈≈
≈≈≈≈≈≈≈≈≈≈≈≈≈≈


You could see a merfolk aquamancer, a wind drake, a merfolk and a merfolk siren.

Vanquished Creatures
  Frances (D:13)
  A frost giant (IceCv)
  Nessos (D:14)
  A stone giant (Orc:1)
  The ghost of Inarius the Gelid, a journeyman OpIE of Vehumet (Lair:6)
  A dire elephant (Lair:6)
  A merfolk impaler (Shoals:1)
  A fire dragon (Lair:1)
  5 vault guards (D:14)
  Erolcha (Orc:2)
  2 ice dragons (D:15)
  9 hydras
  Harold (Lair:4)
  The ghost of poxu the Slinger, a journeyman HaHu of Elyvilon (D:9)
  A queen ant (Lair:3)
  5 centaur warriors
  2 death knights (D:14)
  3 death yaks (Lair:6)
  5 two-headed ogres
  An alligator snapping turtle (Shoals:1)
  9 orc high priests
  2 soul eaters (Orc:2)
  A sea snake (Shoals:1)
  A sixfirhy (Orc:2)
  2 unseen horrors (D:11)
  2 gelid demonspawn (Orc:2)
  An infernal demonspawn (Orc:2)
  2 wizards
  The ghost of poirepourri the Fighter, a novice MiFi of Makhleb (D:6)
  2 lindwurms (Lair:6)
  6 orc knights
  A phantasmal warrior (D:14)
  5 harpies (Shoals:1)
  4 deep elf magi
  6 orc sorcerers
  An orb spider (shapeshifter) (D:14)
  9 ugly things
  5 manticores
  5 cyclopes
  3 fauns (Shoals:1)
  Maurice (D:13)
  The ghost of poirepourri the Skirmisher, a novice MiFi (D:5)
  A naga mage (D:10)
  An ice statue (IceCv)
  4 black mambas
  4 merfolk sirens (Shoals:1)
  11 elephants
  A molten gargoyle (Lair:1)
  10 spiny frogs
  5 torpor snails (Lair:6)
  6 rime drakes
  4 centaur skeletons
  A gargoyle (D:14)
  An efreet (D:13)
  2 freezing wraiths (D:14)
  7 komodo dragons
  A hellwing (Orc:2)
  3 merfolk
  4 tyrant leeches (Lair:6)
  4 wind drakes (Shoals:1)
  22 polar bears
  6 trolls
  9 hornets (Lair:6)
  34 blink frogs
  18 dream sheep
  3 slime creatures
  10 hippogriffs
  A blink frog (shapeshifter) (D:14)
  A hippogriff (shapeshifter) (D:15)
  A snapping turtle (Shoals:1)
  Grinder (D:3)
  3 shadows
  34 yaks
  2 wyverns
  6 water elementals
  3 wraiths
  A vampire (D:13)
  3 basilisks
  4 hungry ghosts
  A fire elemental (Lair:1)
  The ghost of senseless the Firebug, an amateur DrFE (D:3)
  12 vampire mosquitoes
  4 wargs
  6 soldier ants
  8 nagas (Lair:4)
  11 water moccasins
  8 porcupines
  Duvessa (D:6)
  A hornet zombie (D:7)
  6 sky beasts
  46 orc warriors
  9 black bears
  2 phantoms
  9 ice beasts
  7 ogres
  2 necrophages (D:8)
  17 centaurs
  18 wolves
  8 crocodiles
  A big kobold (D:11)
  An elf zombie (D:8)
  3 wyvern zombies
  18 bullfrogs
  Dowan (D:6)
  A water moccasin skeleton (D:11)
  69 killer bees
  A scorpion (D:8)
  11 wights
  4 howler monkeys
  3 crimson imps
  A lava snake (Lair:1)
  3 jellies
  A quasit (D:12)
  3 bullfrog skeletons
  6 centaur zombies
  4 human zombies (D:8)
  26 orc priests
  10 hounds
  20 orc wizards
  3 bullfrog zombies
  Jessica (D:2)
  3 iguanas
  4 hell rats
  16 worker ants
  An ogre zombie (D:8)
  3 hound zombies
  2 hound skeletons
  A mummy (D:8)
  A worker ant zombie (D:8)
  15 adders
  A howler monkey skeleton (D:8)
  3 river rats (Lair:4)
  3 shadow imps
  An ooze (D:6)
  An adder skeleton (D:8)
  A worm (D:2)
  4 dart slugs
  7 leopard geckos
  87 orcs
  8 bats
  4 giant cockroaches
  8 goblins
  12 hobgoblins
  4 kobolds (D:3)
  5 quokkas
  2 ball pythons
  A frilled lizard (D:5)
  A giant cockroach zombie (D:5)
  A quokka skeleton (D:9)
  2 quokka zombies
  14 rats
  3 fungi
  7 plants
940 creatures vanquished.

Vanquished Creatures (collateral kills)
  2 vault guards (D:14)
  2 hydras
  2 unseen horrors
  A gelid demonspawn (Orc:2)
  A cyclops (D:14)
  A centaur simulacrum (D:15)
  2 vampire mosquitoes (D:15)
  An orc warrior (Orc:2)
  A crocodile (D:15)
  A bullfrog (D:15)
  2 orc priests (Orc:2)
  A hound (D:14)
17 creatures vanquished.

Vanquished Creatures (others)
  A wolf (IceCv)
  An orc (Orc:2)
  A bush (D:9)
  7 fungi
  6 plants
16 creatures vanquished.

Grand Total: 973 creatures vanquished

Notes
Turn   | Place    | Note
-------+----------+-------------------------------------------
     0 | D:1      | poirepourri the Minotaur Fighter began the quest for the Orb.
     0 | D:1      | Reached XP level 1. HP: 19/19 MP: 0/0
   249 | D:1      | Reached XP level 2. HP: 24/26 MP: 1/1
   758 | D:2      | Reached XP level 3. HP: 29/31 MP: 2/2
   815 | D:2      | Found a white marble altar of Elyvilon.
  1055 | D:2      | Reached skill level 5 in Axes
  1406 | D:2      | Found an opulent altar of Gozag.
  1407 | D:2      | Found a radiant altar of Vehumet.
  1411 | D:2      | Found a shadowy altar of Dithmenos.
  1484 | D:2      | Reached skill level 4 in Fighting
  1484 | D:2      | Reached XP level 4. HP: 40/40 MP: 3/3
  1512 | D:2      | Found a stormy altar of Qazlal.
  1646 | D:2      | Noticed Jessica
  1856 | D:2      | Killed Jessica
  2261 | D:3      | Found a hide-covered altar of Uskayaw.
  2273 | D:3      | Noticed senseless's ghost (amateur DrFE)
  2281 | D:3      | Killed senseless's ghost
  2281 | D:3      | Reached skill level 6 in Fighting
  2281 | D:3      | Reached XP level 5. HP: 40/51 MP: 4/4
  2495 | D:3      | Noticed Grinder
  2515 | D:3      | Killed Grinder
  2515 | D:3      | Reached skill level 5 in Shields
  2515 | D:3      | Reached XP level 6. HP: 58/58 MP: 5/5
  2581 | D:3      | Found a glowing silver altar of Zin.
  2581 | D:3      | Noticed an angel
  3000 | D:4      | Found a sparkling altar of Nemelex Xobeh.
  3145 | D:4      | Reached XP level 7. HP: 33/64 MP: 6/6
  4101 | D:5      | Entered Level 5 of the Dungeon
  4412 | D:5      | Found an ancient bone altar of Kikubaaqudgha.
  4530 | D:5      | Noticed poirepourri's ghost (novice MiFi)
  4542 | D:5      | Killed poirepourri's ghost
  4542 | D:5      | Reached XP level 8. HP: 26/71 MP: 7/7
  5082 | D:6      | Noticed poirepourri's ghost (novice MiFi)
  5096 | D:6      | Killed poirepourri's ghost
  6101 | D:6      | Reached XP level 9. HP: 78/78 MP: 8/8
  6315 | D:6      | Reached skill level 5 in Dodging
  6324 | D:6      | Noticed Dowan
  6325 | D:6      | Noticed Duvessa
  6331 | D:6      | Killed Duvessa
  6333 | D:6      | Killed Dowan
  6716 | D:6      | Reached skill level 5 in Armour
  7787 | D:7      | Found a staircase to the Ecumenical Temple.
  8238 | D:8      | Reached XP level 10. HP: 38/84 MP: 9/9
  8639 | D:8      | Found Vouqo's Weapon Shop.
  8787 | D:8      | Found a snail-covered altar of Cheibriados.
  8992 | Temple   | Entered the Ecumenical Temple
  9149 | Temple   | Became a worshipper of Makhleb the Destroyer
  9707 | D:8      | Found a basalt altar of Yredelemnul.
 10067 | D:9      | Reached skill level 10 in Axes
 10081 | D:9      | Reached * piety under Makhleb
 10117 | D:9      | Noticed poxu's ghost (journeyman HaHu)
 10541 | D:9      | Killed poxu's ghost
 10541 | D:9      | Reached skill level 8 in Fighting
 10599 | D:9      | Found an iron altar of Okawaru.
 10649 | D:9      | Found a blossoming altar of Fedhas.
 10651 | D:9      | Noticed a two-headed ogre
 10674 | D:9      | Killed a two-headed ogre
 10674 | D:9      | Reached skill level 9 in Fighting
 10861 | D:9      | Noticed an obsidian statue
 10866 | D:9      | Noticed a rust devil
 10873 | D:9      | Noticed a smoke demon
 11069 | D:9      | Noticed a two-headed ogre
 11111 | D:9      | Killed a two-headed ogre
 11111 | D:9      | Reached skill level 10 in Fighting
 11111 | D:9      | Reached XP level 11. HP: 52/99 MP: 10/10
 11438 | D:9      | Found a staircase to the Lair.
 11553 | D:10     | Entered Level 10 of the Dungeon
 11582 | D:9      | Reached skill level 11 in Fighting
 12160 | D:10     | Reached ** piety under Makhleb
 12300 | D:10     | Reached skill level 12 in Fighting
 13075 | D:11     | Noticed a centaur warrior
 13076 | D:11     | Noticed a centaur warrior
 13081 | D:11     | Killed a centaur warrior
 13088 | D:11     | Reached skill level 13 in Fighting
 13089 | D:11     | Noticed a wizard
 13090 | D:11     | Noticed a deep elf mage
 13093 | D:11     | Killed a deep elf mage
 13270 | Lair:1   | Entered Level 1 of the Lair of Beasts
 13301 | Lair:1   | Reached skill level 14 in Fighting
 13679 | Lair:1   | Reached *** piety under Makhleb
 13913 | Lair:1   | Reached XP level 12. HP: 117/117 MP: 9/11
 14069 | Lair:1   | Noticed a fire dragon
 14092 | Lair:1   | HP: 3/117 [fire dragon/blast of flame (10)]
 14094 | Lair:1   | Killed a fire dragon
 14489 | Lair:1   | Identified The Arcane Secrets of Wizardry
 14976 | Lair:2   | Reached skill level 15 in Fighting
 15264 | Lair:2   | Reached skill level 16 in Fighting
 15967 | Lair:3   | Reached skill level 17 in Fighting
 15983 | Lair:3   | Reached **** piety under Makhleb
 16206 | Lair:3   | Noticed a queen ant
 16216 | Lair:3   | Killed a queen ant
 16224 | Lair:3   | Reached skill level 18 in Fighting
 16513 | Lair:3   | Reached skill level 19 in Fighting
 16971 | Lair:3   | Reached XP level 13. HP: 137/137 MP: 12/12
 17000 | Lair:3   | Reached ***** piety under Makhleb
 17603 | Lair:4   | Noticed Harold
 17619 | Lair:4   | Killed Harold
 17946 | Lair:4   | Found a staircase to the Shoals.
 17991 | Lair:4   | Reached skill level 15 in Axes
 18524 | Lair:4   | Found a staircase to the Snake Pit.
 19442 | Lair:5   | Got a faintly humming scale mail
 19453 | Lair:5   | Identified the +0 scale mail "Gauvih" {rC++ rN+ Str+4 SInv} (You found it on level 5 of the Lair of Beasts)
 19584 | Lair:5   | Reached skill level 1 in Invocations
 19638 | Lair:5   | Found a viscous altar of Jiyva.
 19638 | Lair:5   | Found a staircase to the Slime Pits.
 20015 | Lair:6   | Entered Level 6 of the Lair of Beasts
 20640 | Lair:6   | Reached XP level 14. HP: 146/146 MP: 16/16
 20703 | Lair:6   | Reached skill level 5 in Invocations
 20821 | Lair:6   | Noticed Inarius's ghost (journeyman OpIE)
 20837 | Lair:6   | Killed Inarius's ghost
 20909 | Lair:6   | Reached ****** piety under Makhleb
 21536 | Lair:6   | Found a runed door.
 21782 | Lair:6   | Reached skill level 10 in Invocations
 22265 | D:11     | Got a steaming amber ring
 22335 | D:11     | Identified the Reference Book on Sinister Secrets and the Mountains
 22354 | D:11     | Found the +2 cloak of the Thief {+Fog Slay-2 SInv Stlth+}
 22922 | D:11     | Found Quhes's Demolitions Depot.
 23055 | D:11     | Identified the ring "Suzimiwk" {Ice rPois MR+ Str-5 Slay+3} (You took it off a centaur warrior on level 11 of the Dungeon)
 23166 | D:12     | Found Niwon's Antique Armour Emporium.
 23170 | D:12     | Bought a slimy scale mail for 333 gold pieces
 23187 | D:12     | Identified the +5 scale mail "Patewe" {Regen+} (You bought it in a shop on level 12 of the Dungeon)
 23340 | D:12     | Found a staircase to the Orcish Mines.
 23885 | D:12     | Reached XP level 15. HP: 121/152 MP: 15/23
 23932 | D:12     | Found a roughly hewn altar of Beogh.
 24115 | Orc:1    | Entered Level 1 of the Orcish Mines
 24395 | Orc:1    | Gained mutation: Your body sometimes deteriorates upon taking damage. [a neqoxec]
 24514 | Orc:2    | Entered Level 2 of the Orcish Mines
 24606 | Orc:2    | Found Qalup's Magic Scroll Shop.
 24617 | Orc:2    | Bought a scroll of identify for 32 gold pieces
 24617 | Orc:2    | Bought a scroll of identify for 32 gold pieces
 24622 | Orc:2    | Found a staircase to the Elven Halls.
 24623 | Orc:2    | Noticed Erolcha
 24633 | Orc:2    | Killed Erolcha
 24821 | Orc:2    | Found Zoiziw's Magic Scroll Emporium.
 24827 | Orc:2    | Found Fysh's Food Shoppe.
 25268 | Orc:2    | Bought a scroll of acquirement for 832 gold pieces
 25268 | Orc:2    | Bought a scroll of teleportation for 48 gold pieces
 25268 | Orc:2    | Bought a scroll of brand weapon for 320 gold pieces
 25268 | Orc:2    | Bought a scroll of identify for 32 gold pieces
 25270 | Orc:2    | Bought a ration for 70 gold pieces
 25270 | Orc:2    | Bought a ration for 70 gold pieces
 25270 | Orc:2    | Bought a ration for 70 gold pieces
 25270 | Orc:2    | Bought a ration for 70 gold pieces
 25270 | Orc:2    | Bought a ration for 70 gold pieces
 25270 | Orc:2    | Bought a ration for 70 gold pieces
 25270 | Orc:2    | Bought a ration for 70 gold pieces
 25270 | Orc:2    | Bought a ration for 70 gold pieces
 25270 | Orc:2    | Bought a ration for 70 gold pieces
 25306 | Orc:2    | Reached skill level 10 in Dodging
 25309 | Orc:2    | Gained mutation: Your body often deteriorates upon taking damage. [a neqoxec]
 26553 | Orc:2    | Found Corust's Gadget Boutique.
 26553 | Orc:2    | Found Qotetih's Antique Armour Shop.
 26553 | Orc:2    | Found a one-way gate leading to the halls of Pandemonium.
 26577 | Orc:2    | Bought a translucent scale mail for 270 gold pieces
 26668 | D:12     | Identified the cursed +1 scale mail of Vexation {Regen+} (You bought it in a shop on level 2 of the Orcish Mines)
 26804 | D:13     | Noticed Maurice
 26820 | D:13     | Killed Maurice
 26825 | D:13     | Noticed Frances
 26851 | D:13     | Killed Frances
 27221 | D:13     | Found Plog's Armour Emporium.
 28043 | D:14     | Reached XP level 16. HP: 160/160 MP: 10/24
 28173 | D:14     | Found a frozen archway.
 28180 | D:14     | Noticed Nessos
 28192 | D:14     | Killed Nessos
 28199 | IceCv    | Entered an ice cave
 28481 | IceCv    | Found the +5 scythe "Finisher" {speed, Str+3}
 28590 | IceCv    | Reached skill level 10 in Armour
 29167 | D:14     | Found a gate to the Vaults.
 29694 | D:15     | Entered Level 15 of the Dungeon
 29965 | D:15     | Found a staircase to the Depths.
 30177 | D:15     | Found a portal to a secret trove of treasure.
 30263 | Trove    | Entered a treasure trove
 30478 | Trove    | Identified the Catalogue of the Toxic Arsonist
 30480 | Trove    | Got a glittering wooden ring
 30572 | Trove    | Found the cursed necklace of Bloodlust {*Rage +Rage MR++ Int-3 Slay+6 *Curse}
 30589 | Trove    | Identified the ring of the Devil {rC+ EV+1} (You found it in a treasure trove)
 30592 | Trove    | Got a brightly glowing graven amulet
 30615 | Trove    | Got a crude copper amulet
 30988 | D:15     | Identified the amulet of Viecupn {+Rage rPois rF+ Dex+4 SInv} (You found it in a treasure trove)
 31284 | Shoals:1 | Entered Level 1 of the Shoals
 33055 | Shoals:1 | Killed from afar by a wind drake

Skill      XL: |  1  2  3  4  5  6  7  8  9 10 11 12 13 14 15 16 |
---------------+-------------------------------------------------+-----
Axes           | 3 4 5 7 11 12 13 17 | 17.0
Fighting       | 4 6 10 14 19 | 19.0
Shields        | 5 6 9 11 | 11.5
Dodging        | 4 6 13 14 | 14.0
Armour         | 7 10 | 10.6
Invocations    | 4 12 14 | 14.1

Action                   |  1- 3 |  4- 6 |  7- 9 | 10-12 | 13-15 | 16-18 || total
-------------------------+-------+-------+-------+-------+-------+-------++-------
Melee: War axe           |    62 |    62 |   232 |   647 |  1133 |   468 ||  2604
       Headbutt          |    13 |    10 |    56 |   162 |   330 |   161 ||   732
       Mace              |       |       |       |       |    79 |       ||    79
       Broad axe         |       |       |       |       |       |   157 ||   157
Throw: Javelin           |       |       |       |    16 |     4 |       ||    20
       Tomahawk          |       |       |       |     6 |     5 |    14 ||    25
Invok: Greater Servant o |       |       |       |       |     3 |     3 ||     6
Evoke: Wand              |       |       |       |     2 |     2 |       ||     4
  Use: Scroll            |     5 |     3 |    14 |    19 |    24 |     5 ||    70
       Potion            |       |     2 |     3 |    10 |    12 |    11 ||    38
  Eat: Ration            |     1 |     1 |     6 |    10 |    10 |     5 ||    33
Armor: Scale mail        |    31 |    20 |    68 |   129 |   219 |   142 ||   609
Dodge: Dodged            |    33 |    14 |    90 |   238 |   505 |   565 ||  1445
Block: Shield            |    45 |    36 |   258 |   686 |  1281 |   950 ||  3256
